 Dungeon Crawl Stone Soup version 0.27.1 (webtiles) character file.

Game seed: 13298411937024039639

823 boopmooplesden the Covered (level 7, -2/60 HPs)
             Began as a Minotaur Fighter on Aug 29, 2021.
             Was an Initiate of Okawaru.
             Slain by a black bear (4 damage)
             ... on level 5 of the Dungeon.
             The game lasted 00:05:29 (3759 turns).

boopmooplesden the Covered (Minotaur Fighter)       Turns: 3759, Time: 00:05:29

Health: -2/60      AC: 11    Str: 22    XL:     7   Next: 63%
Magic:  6/6        EV:  6    Int:  5    God:    Okawaru [......]
Gold:   163        SH: 10    Dex: 10    Spells: 6/6 levels left

rFire    . . .     SeeInvis .   a - +1 war axe
rCold    . . .     Faith    .   c - +0 kite shield
rNeg     . . .     Spirit   .   o - +0 chain mail
rPois    .         Reflect  .   (helmet restricted)
rElec    .         Harm     .   m - +0 cloak
rCorr    .         Rampage  .   (no gloves)
Will     .....                  (no boots)
Stlth    ..........             (no amulet)
HPRegen  0.20/turn              (no ring)
MPRegen  0.10/turn              (no ring)

@: no status effects
A: horns 2, retaliatory headbutt
a: Renounce Religion


You were on level 5 of the Dungeon.
You worshipped Okawaru.
Okawaru was noncommittal.
You visited 2 branches of the dungeon, and saw 6 of its levels.

You collected 163 gold pieces.

Inventory:

Hand Weapons
 a - a +1 war axe (weapon)
 q - a +1 whip of freezing
Missiles
 r - 7 boomerangs (quivered)
Armour
 b - a +0 scale mail
 c - a +0 kite shield (worn)
 m - a +0 cloak (worn)
 o - a +0 chain mail (worn)
Scrolls
 g - a scroll of enchant weapon
 j - 2 scrolls of teleportation
 p - a scroll of fog {unknown}
Potions
 d - a potion of might
 e - 2 potions of curing {unknown}
 f - 2 potions of brilliance
 h - a potion of lignification {unknown}
 i - a potion of heal wounds {unknown}
 k - 2 potions of flight {unknown}
 l - a potion of resistance {unknown}
 n - a potion of cancellation {unknown}


   Skills:
 + Level 4.6 Fighting
 + Level 6.4 Axes
 + Level 7.0 Armour
 + Level 1.1 Dodging
 + Level 0.1 Stealth
 + Level 5.9 Shields


You had 6 spell levels left.
You didn't know any spells.
Your spell library was empty.

Dungeon Overview and Level Annotations

Branches:
Dungeon (5/15)             Temple (1/1) D:4

Altars:
Ashenzari
Dithmenos
Elyvilon
Hepliaklqana
Okawaru
Ru
Sif Muna
Zin

Annotations:
D:3 3 runed translucent doors, WaxSun's ghost, amateur OgFE


Innate Abilities, Weirdness & Mutations

You have a pair of horns on your head.
You reflexively headbutt those who attack you in melee.


Message History

The black bear claws you but does no damage.
The orc priest invokes the aid of Beogh against you.
Beogh smites you! The orc barely misses you.
The black bear bites you but does no damage.
The black bear barely misses you. The black bear closely misses you.
You slash the orc priest!
You kill the orc priest!
Okawaru accepts your kill.
You closely miss the orc. You slash the black bear! You block the orc's attack.
The black bear goes berserk!
Unknown command.
Unknown command.
You closely miss the orc.
The orc is almost dead.
You hit the black bear. The black bear bites you.
The black bear claws you but does no damage.
The black bear claws you. The orc hits you but does no damage.
The black bear completely misses you. The black bear claws you.
* * * LOW HITPOINT WARNING * * *
The black bear claws you but does no damage.
The orc hits you but does no damage.
You closely miss the orc.
The orc is almost dead.
Your shield and chain mail prevent you from hitting the black bear.
The black bear bites you.
* * * LOW HITPOINT WARNING * * *
The black bear claws you but does no damage. x2
The black bear bites you!
* * * LOW HITPOINT WARNING * * *
The black bear claws you.
* * * LOW HITPOINT WARNING * * *
You block the black bear's attack. The orc closely misses you.
You furiously retaliate!
You headbutt the orc!
You kill the orc!
Okawaru accepts your kill. You block the black bear's attack.
The black bear closely misses you.
The black bear claws you but does no damage.
The black bear rages.
The black bear barely misses you. The black bear claws you.
You die...

#.# #.. ..#.. ##
#...###.. #..#..(
###.#.# ##.....#
###..##.## .# #...###.#
#.# # #@#.# #.####..#..
. ###h#.# #.##... ..
...## #.....# #.##.##.##
......##.##.####........
......).)...........#.##
##+###..)......)......#
#..##..........###
#)#.........)....#
+...##.........#.....


You could see a black bear (berserk).

Vanquished Creatures
  Pikel (D:4)
  A centaur (D:5)
  2 orc priests
  An iguana (D:4)
  2 orc wizards
  A hound zombie (D:5)
  6 adders
  A worm (D:2)
  4 dart slugs
  5 orcs
  5 endoplasms
  6 giant cockroaches
  11 goblins
  8 hobgoblins
  3 jackals (D:2)
  4 quokkas
  3 ball pythons
  8 bats
  3 frilled lizards (D:1)
  5 kobolds
  9 rats
89 creatures vanquished.

Notes
Turn   | Place    | Note
-------+----------+-------------------------------------------
     0 | D:1      | boopmooplesden the Minotaur Fighter began the quest for the
                  | Orb.
     0 | D:1      | Reached XP level 1. HP: 19/19 MP: 0/0
   111 | D:1      | Reached XP level 2. HP: 27/27 MP: 1/1
   283 | D:1      | Reached skill level 4 in Armour
   424 | D:1      | Reached XP level 3. HP: 33/33 MP: 2/2
   802 | D:2      | Found a faded altar of an unknown god.
   902 | D:2      | Reached XP level 4. HP: 16/40 MP: 3/3
  2023 | D:3      | Found a runed translucent gate.
  2024 | D:3      | Found a runed translucent gate.
  2025 | D:3      | Found a runed translucent gate.
  2026 | D:3      | Noticed WaxSun's ghost (amateur OgFE)
  2686 | D:3      | Reached XP level 5. HP: 44/46 MP: 4/4
  2807 | D:4      | Noticed a lemure
  2812 | D:4      | Noticed a lemure
  2812 | D:4      | Noticed a lemure
  2812 | D:4      | Noticed a lemure
  2813 | D:4      | Noticed Pikel
  2833 | D:4      | Killed Pikel
  2834 | D:4      | Reached skill level 6 in Armour
  2834 | D:4      | Reached skill level 1 in Dodging
  2834 | D:4      | Reached skill level 5 in Shields
  2834 | D:4      | Reached XP level 6. HP: 16/53 MP: 5/5
  2834 | D:4      | Reached XP level 7. HP: 18/60 MP: 6/6
  3247 | D:4      | Found a staircase to the Ecumenical Temple.
  3329 | Temple   | Entered the Ecumenical Temple
  3380 | Temple   | Became a worshipper of Warmaster Okawaru
  3414 | D:5      | Entered Level 5 of the Dungeon
  3720 | D:5      | Reached skill level 7 in Armour
  3755 | D:5      | HP: 1/60 [black bear (3)]
  3759 | D:5      | Slain by a black bear

Illustrated notes

Levels and vault maps discovered:
D:1:      dpeg_arrival_rooms_with_view, layout_rooms
D:2:      layout_rooms, dreamdust_ecumenical_altar_angels_and_demons,
          grunt_ministairs_8, hangedman_abyss_or_decor_stabs
D:3:      layout_basic, gammafunk_ghost_necromancy, minmay_misc_feat_ornament,
          minivault_11
D:4:      layout_rooms, temple_fountains, uniq_pikel
D:5:      layout_rooms, lemuel_doored_altar, mainiacjoe_overflow_cross_hatched,
          doesnt_xom_only_xom, nicolae_zen_rock_garden
Temple:   eino_temple_scatter_basement

Skill      XL: |  1  2  3  4  5  6  7 |
---------------+----------------------+-----
Shields        | 4 5 |  5.9
Armour         | 4 6 7 |  7.0
Axes           | 3 4 6 |  6.4
Fighting       | 4 |  4.6
Dodging        | 1 |  1.1
Stealth        | |  0.1

Action                   |  1- 3 |  4- 6 |  7- 9 || total
-------------------------+-------+-------+-------++-------
Melee: War axe           |   100 |    77 |    47 ||   224
       Headbutt          |    11 |    13 |     6 ||    30
  Use: Scroll            |       |     5 |       ||     5
Armor: Scale mail        |    54 |    18 |       ||    72
       Chain mail        |       |    23 |    38 ||    61
Dodge: Dodged            |    34 |    16 |    13 ||    63
Block: Kite shield       |    73 |    61 |    32 ||   166
